 Dungeon Crawl Stone Soup version 0.21.1-1-g345015f (webtiles) character file.

202 inc the Shield-Bearer (level 5, -1/31 HPs)
             Began as an Octopode Earth Elementalist on Apr 21, 2018.
             Killed by nerve-wracking pain
             ... invoked by an orc priest
              (6 damage)
             ... on level 3 of the Dungeon.
             The game lasted 00:05:58 (1984 turns).

inc the Shield-Bearer (Octopode Earth Elementalist) Turns: 1984, Time: 00:05:59

Health: -1/31      AC:  7    Str:  6 (8)  XL:     5   Next: 80%
Magic:  8/8        EV: 19    Int: 17 (20) God:
Gold:   77         SH:  0    Dex: 16 (17) Spells: 8/9 levels left

rFire    + . .     SeeInvis .   f - +0 dagger
rCold    . . .     Gourm    .   m - +0 buckler
rNeg     . . .     Faith    .   (helmet restricted)
rPois    .         Spirit   .   (no amulet)
rElec    .         Reflect  .   i - +5 ring of protection
rCorr    .         Harm     .   k - ring of protection from fire
MR       .....                  (no ring)
Stlth    +++.......             (no ring)
HPRegen  0.10/turn              (no ring)
MPRegen  0.11/turn              (no ring)
                                (no ring)
                                (no ring)

@: confused, agile, flying
A: almost no armour, stealthy swim, amphibious, 8 rings, constrict 8, rugged
brown scales 1, camouflage 1, clever 1, gelatinous body 1
a: no special abilities


You were on level 3 of the Dungeon.
You were hungry.

You visited 1 branch of the dungeon, and saw 3 of its levels.

You collected 77 gold pieces.

Inventory:

Hand Weapons
 e - a +2 antimagic mace
 f - a +0 dagger (weapon)
 o - a -1 dagger
Armour
 m - a +0 buckler (worn)
Jewellery
 i - a +5 ring of protection (left tentacle)
 k - a ring of protection from fire (right tentacle)
Wands
 s - a wand of polymorph (14)
 v - a wand of iceblast (11)
Scrolls
 a - 3 scrolls of remove curse
 h - 3 scrolls of identify {unknown}
 p - a scroll of fog {unknown}
 t - a scroll of enchant armour {unknown}
 u - a scroll of amnesia {unknown}
 w - a scroll of noise {unknown}
Potions
 l - a potion of curing
Books
 d - a book of Geomancy

   Spells                             Type                      Level
   a - Sandblast                      Earth                        1
   b - Passwall                       Transmutation/Earth          2
   c - Stone Arrow                    Conjuration/Earth            3
   d - Petrify                        Transmutation/Earth          4
   e - Lee's Rapid Deconstruction     Earth                        5
Comestibles
 c - 3 rations


   Skills:
 - Level 2.0 Dodging
 - Level 2.6 Stealth
 + Level 4.4 Shields
 - Level 2.5 Spellcasting
   Level 1.0 Transmutations
 - Level 3.8 Earth Magic


You had 8 spell levels left.
You knew the following spells:

 Your Spells              Type           Power        Failure   Level  Hunger
a - Sandblast             Erth           ###...       3%          1    #......


Dungeon Overview and Level Annotations

Branches:
Dungeon (3/15)

Altars:
Cheibriados
Okawaru


Innate Abilities, Weirdness & Mutations

You cannot wear most types of armour.
You are very stealthy in the water. (Stealth+)
You are amphibious.
You can wear up to eight rings at the same time.
You can use your tentacles to constrict eight enemies at once.
Your skin changes colour to match your surroundings (Stealth+).
Your rubbery body absorbs attacks. (AC +1, EV +1)
You are partially covered in rugged brown scales. (AC +1, +3% HP)
Your mind is acute. (Int +2)


Message History

You feel clever.
Rugged brown scales grow over part of your body.
You constrict the orc wizard.
The orc wizard hits you but does no damage.
It was a potion of degeneration.
There was something very wrong with that liquid.
You feel weakened.
You feel dopey.
You feel clumsy.
You constrict the orc wizard.
You kill the orc wizard!
It was a potion of ambrosia.
You are more confused.
You feel invigorated.
You bump into the rock wall.
The orc priest mumbles some strange prayers to Beogh against you.
Beogh smites you!
* * * LOW HITPOINT WARNING * * *
You closely miss the orc priest.
You feel less invigorated.
The orc priest calls down the wrath of Beogh upon you.
Pain shoots through your body!
You die...

#.. #.## #+##...#
###.#..# ###
##.#...## ....
##.#.##..#..#
#.###......#
#.....#.####
#@###...>.# .
#....o.# #.#.#)###
.
......#.###.......#
.
#####.#.......#.#.#
. . #####.....#.##
. .. #........####†
.# #.............
#. ................
####....#.......


You could see an orc priest.

Vanquished Creatures
  2 orc wizards (D:3)
  A worker ant (D:2)
  Robin (D:2)
  3 adders
  An ooze (D:1)
  An adder zombie (D:2)
  A worm (D:3)
  4 dart slugs
  2 leopard geckos (D:2)
  6 orcs (D:3)
  A ball python (D:1)
  2 giant cockroaches
  10 goblins
  6 hobgoblins
  7 jackals
  4 bats
  3 frilled lizards (D:1)
  2 kobolds
  3 rats (D:1)
60 creatures vanquished.

Notes
Turn   | Place    | Note
-------+----------+-------------------------------------------
     0 | D:1      | inc the Octopode Earth Elementalist began the quest for the Orb.
     0 | D:1      | Reached XP level 1. HP: 11/11 MP: 3/3
   297 | D:1      | Reached XP level 2. HP: 17/17 MP: 5/5
   414 | D:1      | Found an iron altar of Okawaru.
   903 | D:2      | Reached XP level 3. HP: 21/21 MP: 6/6
  1053 | D:2      | Reached skill level 1 in Shields
  1077 | D:2      | Noticed Robin
  1097 | D:2      | Killed Robin
  1097 | D:2      | Reached skill level 2 in Shields
  1097 | D:2      | Reached XP level 4. HP: 27/27 MP: 2/7
  1125 | D:2      | Found a snail-covered altar of Cheibriados.
  1350 | D:2      | Reached skill level 3 in Shields
  1586 | D:2      | Reached XP level 5. HP: 29/31 MP: 8/8
  1830 | D:3      | Reached skill level 4 in Shields
  1980 | D:3      | Gained mutation: Your mind is acute. (Int +2) [potion of mutation]
  1980 | D:3      | Gained mutation: You are partially covered in rugged brown scales. (AC +1, +3% HP) [potion of mutation]
  1983 | D:3      | HP: 1/31 [orc priest/divine providence (14)]
  1984 | D:3      | Killed from afar by an orc priest

Skill      XL: |  1  2  3  4  5 |
---------------+----------------+-----
Shields        | 2 3 4 |  4.4
Dodging        | |  2.0
Stealth        | |  2.6
Spellcasting   | |  2.5
Transmutations | |  1.0
Earth Magic    | |  3.8

Action                   |  1- 3 |  4- 6 || total
-------------------------+-------+-------++-------
Melee: Unarmed           |    14 |       ||    14
       Tentacles         |    15 |     9 ||    24
       Constrict         |    14 |    17 ||    31
       Dagger            |    39 |    66 ||   105
       Mace              |     2 |       ||     2
 Cast: Sandblast         |    10 |    25 ||    35
  Use: Scroll            |     1 |       ||     1
       Potion            |       |     5 ||     5
 Stab: Sleeping          |    12 |     3 ||    15
  Eat: Chunk             |       |     3 ||     3
Armor: Skin              |     5 |    20 ||    25
Dodge: Dodged            |    25 |    45 ||    70
Block: Buckler           |     3 |    12 ||    15
